 Dungeon Crawl Stone Soup version 0.27-a0-343-gfcad680f63 (webtiles) character file.

Game seed: 8015952011346527498

361361 jestyr24 the Sorcerer (level 21, -1/99 HPs)
             Began as a Deep Elf Conjurer on Feb 12, 2021.
             Was the Champion of Vehumet.
             Slain by a grey draconian monk (29 damage)
             ... summoned by old memories
             ... in a wizard's laboratory on Feb 14, 2021.
             The game lasted 07:47:52 (48416 turns).

jestyr24 the Sorcerer (Deep Elf Conjurer)          Turns: 48416, Time: 07:47:53

Health: -1/99      AC: 13    Str:  7    XL:     21   Next: 49%
Magic:  6/62       EV: 19    Int: 46    God:    Vehumet [******]
Gold:   2433       SH:  7    Dex:  8    Spells: 11/72 levels left

rFire    + + +     SeeInvis .   K - staff of fire
rCold    + + +     Faith    .   W - +2 buckler
rNeg     + . .     Spirit   .   y - +1 robe "Nokyuro" {Rampage rC+ rN+ Int+3}
rPois    .         Reflect  .   M - +0 helmet of Annijuir {Int+6 Slay+2}
rElec    +         Harm     .   Z - scarf {shadows}
rCorr    .         Rampage  +   V - +1 pair of gloves "Dalifuitt" {rF++ Str+3 Dex-5}
Will     ++...                  T - +2 pair of boots {Fly}
Stlth    +++++.....             d - amulet of magic regeneration
HPRegen  0.26/turn              q - ring of Qeffibupn {MP+9 EV+4 Stlth+}
MPRegen  0.63/turn              r - ring of Lufoek {rElec AC+4 Int+3}

@: studying Ice Magic
A: fangs 1, blink, cold resistance 2
}: 2/15 runes: decaying, serpentine
a: Blink, Renounce Religion, Evoke Flight


You were in a wizard's laboratory.
You worshipped Vehumet.
Vehumet was exalted by your worship.
You visited 7 branches of the dungeon, and saw 33 of its levels.
You visited the Abyss 1 time.
You visited 1 bazaar.
You also visited: Sewer, Ossuary, Bailey, Ice Cave and Wizlab.

You collected 5736 gold pieces.
You spent 3303 gold pieces at shops.

Inventory:

Hand Weapons
 u - the +6 dagger "Xemuf" {vamp, rPois rC+}
   (You found it on level 4 of the Dungeon)

   It inflicts no extra harm, but heals its wielder when it wounds a living foe.
   It protects you from cold.
   It protects you from poison.
 L - the +11 hand axe "Jeqepn" {drain, Int+5}
   (You found it on level 4 of the Snake Pit)

   A truly terrible weapon, it drains the life of those it strikes.
   It affects your intelligence (+5).
Armour
 t - the +3 robe of the Learner {*Drain Str+2 Dex+4 Stlth+}
   (You found it on level 1 of the Snake Pit)

   It affects your strength (+2).
   It affects your dexterity (+4).
   It causes draining when unequipped.
   It makes you more stealthy.
 y - the +1 robe "Nokyuro" (worn) {Rampage rC+ rN+ Int+3}
   (You found it on level 8 of the Dungeon)

   It affects your intelligence (+3).
   It protects you from cold.
   It protects you from negative energy.
   It bestows one free step when moving towards enemies.
 M - the +0 helmet of Annijuir (worn) {Int+6 Slay+2}
   (You bought it in a shop on level 9 of the Dungeon)

   It affects your intelligence (+6).
   It affects your accuracy and damage with ranged weapons and melee attacks
   (+2).
 T - a +2 pair of boots of flying (worn)
 V - the +1 pair of gloves "Dalifuitt" (worn) {rF++ Str+3 Dex-5}
   (You found it on level 1 of the Lair of Beasts)

   It affects your strength (+3).
   It affects your dexterity (-5).
   It greatly protects you from fire.
 W - a +2 buckler (worn)
 Z - a scarf of shadows (worn)
Magical Staves
 m - a staff of cold
 K - a staff of fire (weapon)
 S - a staff of conjuration
Jewellery
 b - an amulet of regeneration
 d - an amulet of magic regeneration (around neck)
 i - a +6 ring of intelligence
 l - a +4 ring of evasion
 q - the ring of Qeffibupn (left hand) {MP+9 EV+4 Stlth+}
   (You bought it in a shop on level 1 of the Snake Pit)

   [ring of evasion]

   It affects your evasion (+4).
   It affects your magic capacity (+9).
   It makes you more stealthy.
 r - the ring of Lufoek (right hand) {rElec AC+4 Int+3}
   (You found it on level 5 of the Lair of Beasts)

   [ring of protection]

   It affects your AC (+4).
   It affects your intelligence (+3).
   It insulates you from electricity.
 B - an amulet of faith
 H - a +4 ring of protection
 N - a ring of positive energy
 R - an amulet of reflection
 U - a ring of willpower
Wands
 a - a wand of paralysis (45)
 x - a wand of digging (6)
 z - a wand of polymorph (23)
 A - a wand of acid (35)
 C - a wand of iceblast (61)
 Q - a wand of mindburst (19)
 X - a wand of charming (13)
Scrolls
 f - 14 scrolls of identify
 g - 5 scrolls of magic mapping
 h - 5 scrolls of fog
 n - 4 scrolls of enchant weapon
 o - 4 scrolls of amnesia
 w - 10 scrolls of teleportation
 E - a scroll of holy word
 F - 4 scrolls of enchant armour
 I - 2 scrolls of brand weapon
 J - 5 scrolls of fear
 P - 2 scrolls of silence
Potions
 c - 3 potions of heal wounds
 e - 7 potions of haste
 j - 6 potions of ambrosia
 k - 8 potions of curing
 p - 4 potions of flight
 s - 2 potions of cancellation
 v - 4 potions of mutation
 D - 2 potions of might
 G - a potion of resistance
 Y - a potion of magic
Miscellaneous
 O - a phantom mirror


   Skills:
 * Level 0.3 Fighting
 + Level 11.1 Dodging
 - Level 11.1 Stealth
 - Level 6.1 Shields
 * Level 26.0 Spellcasting
 * Level 13.7 Conjurations
 - Level 1.4 Hexes
 - Level 1.9 Translocations
 - Level 10.5 Transmutations
 * Level 18.6 Fire Magic
 - Level 9.7 Earth Magic


You had 11 spell levels left.
You knew the following spells:

 Your Spells              Type           Power        Failure   Level
a - Lehudib's Crystal Sp  Conj/Erth      53%          3%          8
b - Searing Ray           Conj           100%         0%          2
c - Fulminant Prism       Conj/Hex       46%          1%          4
d - Gell's Gravitas       Tloc           33%          1%          3
e - Starburst             Conj/Fire      71%          1%          6
f - Ignition              Fire           74%          1%          8
g - Iron Shot             Conj/Erth      53%          1%          6
h - Magic Dart            Conj           100%         0%          1
i - Dragon Form           Tmut           51%          2%          7
j - Fire Storm            Conj/Fire      71%          9%          9
k - Spellforged Servitor  Conj/Summ      44%          3%          7

Your spell library contained the following spells:

 Spells                   Type           Power        Failure   Level
 Chain Lightning          Conj/Air       44%          22%         8
 Absolute Zero            Ice            28%          100%        9
 Sandblast                Erth           100%         0%          1
 Shock                    Conj/Air       100%         0%          1
 Passwall                 Tmut/Erth      84%          0%          2
 Conjure Flame            Conj/Fire      100%         0%          3
 Ignite Poison            Fire/Tmut/Pois 100%         0%          3
 Stone Arrow              Conj/Erth      100%         0%          3
 Bolt of Magma            Conj/Fire/Erth 68%          0%          5
 Fireball                 Conj/Fire      71%          0%          5
 Iskenderun's Battlesphe  Conj           100%         0%          5
 Freeze                   Ice            100%         1%          1
 Blink                    Tloc           N/A          1%          2
 Call Imp                 Summ           56%          1%          2
 Slow                     Hex            64%          1%          2
 Confusing Touch          Hex            64%          1%          3
 Dazzling Flash           Conj/Hex       100%         1%          3
 Frozen Ramparts          Ice            100%         1%          3
 Mephitic Cloud           Conj/Pois/Air  80%          1%          3
 Ozocubu's Armour         Ice            56%          1%          3
 Static Discharge         Conj/Air       89%          1%          3
 Hailstorm                Conj/Ice       89%          1%          4
 Ice Form                 Ice/Tmut       83%          1%          4
 Iskenderun's Mystic Bla  Conj/Tloc      93%          1%          4
 Petrify                  Tmut/Erth      100%         1%          4
 Borgnjor's Vile Clutch   Necr/Erth      40%          1%          5
 Lee's Rapid Deconstruct  Erth           49%          1%          5
 Lightning Bolt           Conj/Air       44%          1%          5
 Yara's Violent Unravell  Hex/Tmut       43%          1%          5
 Conjure Ball Lightning   Conj/Air       44%          1%          6
 Eringya's Noxious Bog    Tmut/Pois      41%          1%          6
 Freezing Cloud           Conj/Ice/Air   40%          1%          6
 Orb of Destruction       Conj           56%          1%          7
 Animate Dead             Necr           28%          2%          4
 Summon Ice Beast         Ice/Summ       56%          2%          4
 Metabolic Englaciation   Hex/Ice        30%          4%          5
 Death Channel            Necr           28%          34%         6
 Simulacrum               Ice/Necr       28%          34%         6
 Ozocubu's Refrigeration  Ice            28%          41%         7
 Shatter                  Erth           49%          67%         9
 Tornado                  Air            28%          100%        9


Dungeon Overview and Level Annotations

Branches:
Dungeon (15/15)            Temple (1/1) D:6            Lair (6/6) D:10
  Swamp (4/4) Lair:3        Snake (4/4) Lair:4        Slime (0/5) Lair:5
    Orc (2/2) D:12            Elf (1/3) Orc:2        Vaults (0/5) D:13
 Depths (0/5) D:15          Sewer (visited)         Ossuary (visited)
 Bailey (visited)           IceCv (visited)          WizLab (1/1)

Altars:
Dithmenos
Elyvilon
Fedhas
Gozag
Kikubaaqudgha
Okawaru
Qazlal
Ru
Sif Muna
Uskayaw
Vehumet
Xom
Yredelemnul
The Shining One
Beogh
Jiyva
Lugonu

Shops:
D:7 [   D:9 *   D:10 =!*   Orc:2 !(*(   Snake:1 =*[   Snake:2 =::

Portals:
Abyss: Swamp:1
Trove: Elf:1 (give 7 potions of haste)


Innate Abilities, Weirdness & Mutations

You have very sharp teeth.
You can translocate small distances at will.
Your flesh is very cold resistant. (rC++)


Message History

The grey draconian monk tail-slaps you but does no damage.
The grey draconian monk barely misses you.
Unknown command.
You feel much better. The grey draconian monk misses you.
The grey draconian monk completely misses you.
The grey draconian monk barely misses you.
The grey draconian monk closely misses you.
Okay, then.
You blink.
Casting: Lehudib's Crystal Spear (dangerous; 3% risk of failure)
Confirm with . or Enter, or press ? or * to list all spells.
You don't have enough magic to cast this spell.
Unknown command.
You blink.
Casting: Lehudib's Crystal Spear (dangerous; 3% risk of failure)
Confirm with . or Enter, or press ? or * to list all spells.
You don't have enough magic to cast this spell.
Unknown command.
Okay, then.
You feel much better. The grey draconian monk hits you!!
The grey draconian monk kicks you!
* * * LOW HITPOINT WARNING * * *
You block the grey draconian monk's attack.
The grey draconian monk tail-slaps you but does no damage.
Casting: Lehudib's Crystal Spear (dangerous; 3% risk of failure)
Confirm with . or Enter, or press ? or * to list all spells.
You don't have enough magic to cast this spell.
Casting: Lehudib's Crystal Spear (dangerous; 3% risk of failure)
Confirm with . or Enter, or press ? or * to list all spells.
You don't have enough magic to cast this spell.
You miss the grey draconian monk.
The grey draconian monk is severely wounded.
The grey draconian monk hits you!
* * * LOW HITPOINT WARNING * * *
You block the grey draconian monk's attack.
The grey draconian monk tail-slaps you but does no damage.
The grey draconian monk barely misses you.
Okay, then.
You feel much better. The grey draconian monk hits you!!
You die...

♣♣♣♣ ♣♣♣♣♣♣ .♣.♣
♣♣.♣..♣ ...♣♣♣♣.....♣
#####
.....♣♣.....♣♣##...##
..............'.q∩..#
............♣♣##@..##
....8.........♣#####
........♣.♣.♣.♣
♣......♣♣♣♣♣♣♣♣
#♣♣....♣ #+++##


You could see a grey draconian monk (summoned).

Vanquished Creatures
  Mara (Swamp:3)
  Nikola (Elf:1)
  Jorgrun (Orc:2)
  2 tentacled starspawn (Abyss:2)
  A draconian monk (Abyss:2)
  A fenstrider witch (Swamp:4)
  5 nagarajas
  Aizul (Swamp:2)
  An ironheart preserver (D:13)
  A reaper (Abyss:2)
  8 starcursed masses (Abyss:2)
  A red draconian (Abyss:2)
  8 bunyips
  Azrael (Snake:1)
  A green death (Abyss:2)
  7 eleionomae
  Snorg (Lair:6)
  A deep elf high priest (Elf:1)
  A shambling mangrove (Swamp:4)
  Josephine (D:10)
  The ghost of Terrapin the Arsonist, a journeyman DEFE of Vehumet (Lair:2)
  Harold (Orc:1)
  Fannar (D:10)
  A catoblepas (Lair:6)
  A hydra (shapeshifter) (D:9)
  25 hydras
  11 naga warriors
  An ogre mage (D:15)
  5 centaur warriors
  7 anacondas
  A spriggan air mage (Swamp:2)
  3 ghost crabs
  4 boulder beetles
  3 death knights
  2 dancing weapons (Elf:1)
  15 alligators
  4 death yaks (Lair:6)
  A deep troll shaman (Lair:6)
  5 two-headed ogres
  3 tengu warriors
  8 shock serpents
  Urug (Orc:1)
  3 orc high priests (Orc:2)
  18 naga sharpshooters
  2 thrashing horrors (Abyss:2)
  Nergalle (D:10)
  5 deep elf knights (Elf:1)
  A wretched star (Abyss:2)
  5 goliath frogs
  A salamander mystic (Snake:4)
  A sixfirhy (Abyss:2)
  4 skeletal warriors
  2 glowing orange brains (Abyss:2)
  A shadow wraith (Abyss:2)
  2 unseen horrors
  7 naga ritualists
  A spatial maelstrom (Abyss:2)
  A phantasmal warrior (D:14)
  5 spriggan druids
  3 bog bodies
  13 swamp dragons
  3 wizards (D:15)
  A lindwurm (Lair:6)
  6 deep elf archers (Elf:1)
  A necromancer (IceCv)
  4 deep elf pyromancers
  6 orc knights
  11 mana vipers
  An oklob plant (Lair:3)
  A wolf spider zombie (D:12)
  4 cyclopes
  4 deep elf zephyrmancers
  9 orc sorcerers
  7 will-o-the-wisps
  3 manticores
  3 salamanders
  8 ugly things
  A worldbinder (Abyss:2)
  3 smoke demons (Abyss:2)
  Maurice (D:10)
  A torpor snail (Lair:6)
  2 apocalypse crabs (Abyss:2)
  24 naga magi
  An ice statue (IceCv)
  10 elephants
  37 black mambas
  2 gargoyles
  17 cane toads
  6 komodo dragons
  3 efreet
  4 hellwings (Abyss:2)
  A tengu conjurer (D:13)
  2 ice devils (D:15)
  4 ancient zymes (Abyss:2)
  14 freezing wraiths
  A queen bee (D:10)
  3 polar bears
  8 trolls
  5 bloated husks
  A meliai (D:9)
  6 tyrant leeches
  4 hornets
  20 blink frogs
  4 dream sheep (Lair:4)
  7 flying skulls (Abyss:2)
  A tarantella (shapeshifter) (Elf:1)
  2 shadows
  A redback (D:9)
  8 wraiths
  An air elemental (Elf:1)
  Sigmund (D:3)
  3 water elementals
  5 wyverns
  4 fire elementals
  2 ynoxinuls (Abyss:2)
  4 spriggans
  A spriggan (shapeshifter) (D:15)
  2 vampires
  Eustachio (D:4)
  44 yaks
  A neqoxec (Abyss:2)
  2 basilisks
  3 chaos spawn (Abyss:2)
  A death yak simulacrum (IceCv)
  A soldier ant (D:9)
  9 vampire mosquitoes
  16 swamp worms
  7 large abominations (Abyss:2)
  38 nagas
  2 spatial vortices (Abyss:2)
  An acid dragon (D:11)
  3 wargs
  25 water moccasins
  8 hell hounds
  3 sky beasts
  10 swamp drakes
  12 ice beasts
  34 orc warriors
  4 black bears
  A hornet zombie (D:14)
  16 ogres
  A black bear (shapeshifter) (Elf:1)
  17 centaurs
  30 wolves
  2 phantoms
  4 kobold brigands
  19 bullfrogs
  8 gnoll sergeants (Bailey)
  An elf zombie (D:5)
  4 small abominations (Abyss:2)
  3 elf skeletons (D:5)
  An earth elemental (Elf:1)
  2 wyvern skeletons
  3 scorpions
  A water moccasin skeleton (D:8)
  18 killer bees
  18 wights
  3 electric eels (D:12)
  6 howler monkeys (D:14)
  7 centaur zombies
  5 draconian simulacra (IceCv)
  A bullfrog zombie (D:9)
  3 hounds
  2 jellies
  A quasit (Abyss:2)
  A hound (shapeshifter) (Elf:1)
  20 orc priests
  An iron imp (Abyss:2)
  5 centaur skeletons
  Terence (D:2)
  A human skeleton (D:5)
  Jessica (D:3)
  A bullfrog skeleton (D:5)
  6 gnoll shamans (Bailey)
  4 iguanas
  30 orc wizards
  2 polar bear simulacra (IceCv)
  5 worker ants
  6 troll simulacra (IceCv)
  A spriggan simulacrum (IceCv)
  A wolf simulacrum (IceCv)
  3 centaur simulacra
  A hound zombie (D:7)
  5 mummies (Ossuary)
  A howler monkey zombie (D:2)
  A worker ant zombie (D:3)
  Robin (D:3)
  18 gnolls
  A howler monkey skeleton (D:7)
  15 adders
  3 ogre simulacra (IceCv)
  4 naga simulacra (IceCv)
  3 river rats
  20 white imps
  An ufetubus (Abyss:2)
  3 oozes
  3 worms
  A dart slug (D:3)
  A leopard gecko (D:5)
  103 orcs
  6 giant cockroaches
  16 goblins
  8 hobgoblins
  23 jackals
  3 quokkas
  5 ball pythons
  6 bats
  6 frilled lizards
  3 hobgoblin zombies (Ossuary)
  27 kobolds
  An orc skeleton (D:5)
  A quokka skeleton (D:5)
  15 rats
  A bush (D:10)
  A butterfly (Lair:3)
  A fire vortex (Snake:4)
  A lurking horror (Swamp:1)
  2 starspawn tentacles (Abyss:2)
1326 creatures vanquished.

Vanquished Creatures (collateral kills)
  Saint Roka (Snake:2)
1 creature vanquished.

Vanquished Creatures (others)
  A hydra (Swamp:4)
  2 adder skeletons (D:9)
  An orc (D:11)
  2 fire vortices (Snake:4)
  12 foxfires
  220 fulminant prisms
  51 fungi
  118 plants
  2 starspawn tentacles (Abyss:2)
409 creatures vanquished.

Grand Total: 1736 creatures vanquished

Notes
Turn   | Place    | Note
-------+----------+-------------------------------------------
     0 | D:1      | jestyr24 the Deep Elf Conjurer began the quest for the Orb.
     0 | D:1      | Reached XP level 1. HP: 10/10 MP: 6/6
   156 | D:1      | Reached XP level 2. HP: 15/15 MP: 0/8
   159 | D:1      | Learned a level 2 spell: Searing Ray
   379 | D:1      | Reached skill level 5 in Conjurations
   891 | D:2      | Reached XP level 3. HP: 19/19 MP: 3/10
  1067 | D:2      | Noticed Terence
  1075 | D:2      | Killed Terence
  1076 | D:2      | Reached skill level 4 in Spellcasting
  1076 | D:2      | Reached XP level 4. HP: 24/24 MP: 3/12
  1304 | D:2      | Found a sacrificial altar of Ru.
  1690 | D:3      | Noticed Robin
  1756 | D:3      | Reached skill level 5 in Spellcasting
  1845 | D:3      | Killed Robin
  1884 | D:3      | Reached XP level 5. HP: 26/28 MP: 11/14
  2315 | D:3      | Noticed Jessica
  2318 | D:3      | Killed Jessica
  2319 | D:3      | Reached skill level 6 in Spellcasting
  2742 | D:3      | Noticed Sigmund
  2765 | D:3      | Killed Sigmund
  2766 | D:3      | Reached skill level 5 in Stealth
  2766 | D:3      | Reached skill level 7 in Spellcasting
  2766 | D:3      | Reached XP level 6. HP: 15/32 MP: 4/18
  2981 | D:3      | You fall into a shaft and drop 1 floor!
  2982 | D:4      | Noticed Eustachio
  2993 | D:4      | Killed Eustachio
  2994 | D:4      | Reached skill level 8 in Spellcasting
  2994 | D:4      | Reached XP level 7. HP: 33/36 MP: 9/20
  3085 | D:4      | Got a translucent dagger
  3086 | D:4      | Identified the +6 dagger "Xemuf" {vamp, rPois rC+} (You
                  | found it on level 4 of the Dungeon)
  3454 | D:4      | Reached skill level 9 in Spellcasting
  4047 | D:5      | Entered Level 5 of the Dungeon
  4290 | D:5      | Reached skill level 10 in Spellcasting
  4290 | D:5      | Reached XP level 8. HP: 19/41 MP: 18/24
  4524 | D:5      | Found a sand-covered staircase.
  4564 | D:5      | Learned a level 4 spell: Fulminant Prism
  4565 | Ossuary  | Entered an ossuary
  4820 | D:5      | Reached skill level 11 in Spellcasting
  4820 | D:5      | Reached skill level 1 in Hexes
  6054 | D:5      | Noticed a +0 hand axe
  6054 | D:5      | Noticed a +0 dagger
  6058 | D:5      | Found a hide-covered altar of Uskayaw.
  6335 | D:6      | HP: 1/41 [orc warrior/+0 hand axe (18)]
  6336 | D:6      | Reached XP level 9. HP: 1/45 MP: 11/26
  6672 | D:6      | Found a glowing drain.
  6729 | Sewer    | Entered a sewer
  6808 | Sewer    | Reached skill level 5 in Dodging
  6808 | Sewer    | Reached skill level 12 in Spellcasting
  6937 | Sewer    | Found a glowing silver altar of Zin.
  7041 | Sewer    | Gained mutation: You are clumsy. (Dex -2) [potion of
                  | mutation]
  7041 | Sewer    | Gained mutation: You have very sharp teeth. [potion of
                  | mutation]
  7041 | Sewer    | Gained mutation: Your muscles are strong. (Str +2) [potion
                  | of mutation]
  7042 | Sewer    | Lost mutation: You are clumsy. (Dex -2) [potion of
                  | mutation]
  7042 | Sewer    | Lost mutation: Your muscles are strong. (Str +2) [potion of
                  | mutation]
  7042 | Sewer    | Gained mutation: You are partially covered in molten
                  | scales. (AC +2) [potion of mutation]
  7042 | Sewer    | Gained mutation: You are mostly covered in molten scales.
                  | (AC +3) [potion of mutation]
  7042 | Sewer    | Lost mutation: You are mostly covered in molten scales. (AC
                  | +3) [potion of mutation]
  7042 | Sewer    | Gained mutation: Your flesh is heat resistant. (rF+)
                  | [potion of mutation]
  7468 | D:6      | Got a fine falchion
  7469 | D:6      | Identified the +6 falchion "Repemud" {venom, +Blink Str-4
                  | Dex+4} (You found it on level 6 of the Dungeon)
  7583 | D:6      | Found a staircase to the Ecumenical Temple.
  7588 | Temple   | Entered the Ecumenical Temple
  7609 | Temple   | Became a worshipper of Vehumet
  8367 | D:7      | Found Turumy's Antique Armour Boutique.
  8572 | D:7      | Found a sacrificial altar of Ru.
  9294 | D:8      | Found a shimmering altar of Xom.
  9296 | D:8      | Found an ancient bone altar of Kikubaaqudgha.
  9297 | D:8      | Found a blossoming altar of Fedhas.
  9299 | D:8      | Got a slimy robe
  9300 | D:8      | Identified the +1 robe "Nokyuro" {Rampage rC+ rN+ Int+3}
                  | (You found it on level 8 of the Dungeon)
  9492 | D:8      | Found a basalt altar of Yredelemnul.
  9555 | D:8      | Reached skill level 13 in Spellcasting
  9653 | D:8      | Reached * piety under Vehumet
  9653 | D:8      | Offered knowledge of Foxfire by Vehumet.
  9768 | D:8      | Reached XP level 10. HP: 50/50 MP: 26/29
 10219 | D:9      | Noticed a manticore
 10231 | D:9      | Noticed a deep elf pyromancer
 10266 | D:9      | Learned a level 3 spell: Gell's Gravitas
 10357 | D:9      | Noticed a tengu warrior
 10357 | D:9      | Noticed a gargoyle
 10362 | D:9      | Killed a gargoyle
 10363 | D:9      | Reached skill level 10 in Conjurations
 10366 | D:9      | Killed a tengu warrior
 10482 | D:9      | Got a masterwork scale mail
 10620 | D:9      | Noticed an ice dragon
 10851 | D:9      | Found Acovenyo's Assorted Antiques.
 10854 | D:9      | Bought an ancient helmet for 304 gold pieces
 10854 | D:9      | Identified the +0 helmet of Annijuir {Int+6 Slay+2} (You
                  | bought it in a shop on level 9 of the Dungeon)
 10916 | D:10     | Entered Level 10 of the Dungeon
 10919 | D:10     | Offered knowledge of Shock by Vehumet.
 10952 | D:10     | Reached ** piety under Vehumet
 11117 | D:10     | Noticed Fannar
 11131 | D:10     | Killed Fannar
 11132 | D:10     | Reached skill level 14 in Spellcasting
 11384 | D:10     | Reached XP level 11. HP: 54/54 MP: 7/31
 11403 | D:10     | Noticed Josephine
 11412 | D:10     | Killed Josephine
 11413 | D:10     | Reached skill level 1 in Translocations
 11546 | D:10     | Found a staircase to the Lair.
 11742 | D:10     | Found Juphes's Assorted Antiques.
 11774 | D:10     | Noticed Nergalle
 11791 | D:10     | Killed Nergalle
 11792 | D:10     | Reached skill level 15 in Spellcasting
 12036 | D:10     | Noticed Maurice
 12045 | D:10     | Killed Maurice
 12145 | D:10     | Reached skill level 1 in Shields
 12157 | D:10     | Found Notser's Distillery.
 12202 | D:10     | Found Weleh's Jewellery Shop.
 12291 | D:10     | Offered knowledge of Static Discharge by Vehumet.
 12610 | D:11     | Noticed a boulder beetle
 12610 | D:11     | Noticed a cyan ugly thing
 12686 | D:11     | Noticed a two-headed ogre
 12693 | D:11     | Reached *** piety under Vehumet
 12699 | D:11     | Killed a two-headed ogre
 12954 | D:10     | Killed a boulder beetle
 13067 | D:11     | Reached skill level 5 in Shields
 13067 | D:11     | Killed a cyan ugly thing
 13308 | D:11     | Noticed a two-headed ogre
 13311 | D:11     | Killed a two-headed ogre
 13334 | D:11     | Offered knowledge of Inner Flame by Vehumet.
 13446 | D:11     | Noticed an eight-headed hydra
 13452 | D:11     | Killed an eight-headed hydra
 13453 | D:11     | Reached XP level 12. HP: 59/59 MP: 21/33
 13923 | D:12     | Reached **** piety under Vehumet
 14097 | D:12     | Offered knowledge of Conjure Flame by Vehumet.
 14160 | D:12     | Reached skill level 16 in Spellcasting
 14296 | D:12     | Learned a level 6 spell: Starburst
 14449 | D:12     | Noticed a six-headed hydra
 14455 | D:12     | Killed a six-headed hydra
 14596 | D:12     | Reached skill level 1 in Fire Magic
 14644 | D:12     | Found a staircase to the Orcish Mines.
 14824 | D:12     | Found a roughly hewn altar of Beogh.
 14843 | D:12     | Identified the +1 scale mail of the Beggar {rN+ Will+
                  | Dex-3} (You found it on level 9 of the Dungeon)
 15554 | Lair:1   | Entered Level 1 of the Lair of Beasts
 16013 | Lair:1   | Got a pair of smoking gloves
 16014 | Lair:1   | Identified the +1 pair of gloves "Dalifuitt" {rF++ Str+3
                  | Dex-5} (You found it on level 1 of the Lair of Beasts)
 16103 | Lair:1   | Reached skill level 5 in Fire Magic
 16236 | Lair:1   | Got a shimmering pewter ring
 16237 | Lair:1   | Identified the ring "Lonoong" {rC+ Dex+6} (You found it on
                  | level 1 of the Lair of Beasts)
 16760 | Lair:2   | Noticed a boulder beetle
 16772 | Lair:2   | HP: 2/59 [boulder beetle (18)]
 16801 | Lair:2   | Killed a boulder beetle
 17020 | Lair:2   | Noticed Terrapin's ghost (journeyman DEFE)
 17022 | Lair:2   | Found a runed translucent gate.
 17025 | Lair:2   | Found a runed translucent gate.
 17026 | Lair:2   | Found a runed translucent gate.
 17036 | Lair:2   | Noticed a 13-headed hydra
 17047 | Lair:2   | Killed Terrapin's ghost
 17049 | Lair:2   | Killed a 13-headed hydra
 17221 | Lair:2   | Learned a level 8 spell: Ignition
 17255 | Lair:2   | You are sucked into a shaft and drop 1 floor!
 17279 | Lair:3   | Noticed an eight-headed hydra
 17288 | Lair:3   | Killed an eight-headed hydra
 17289 | Lair:3   | Reached XP level 13. HP: 63/63 MP: 30/35
 17299 | Lair:3   | Reached ***** piety under Vehumet
 17378 | Lair:3   | Offered knowledge of Freezing Cloud by Vehumet.
 17674 | Lair:3   | Found a staircase to the Swamp.
 17706 | Lair:3   | Reached skill level 10 in Fire Magic
 18397 | Lair:4   | Found a staircase to the Snake Pit.
 18531 | Lair:4   | Reached skill level 17 in Spellcasting
 18555 | Lair:4   | Lost mutation: Your flesh is heat resistant. (rF+) [potion
                  | of mutation]
 18555 | Lair:4   | Lost mutation: You are partially covered in molten scales.
                  | (AC +2) [potion of mutation]
 18555 | Lair:4   | Gained mutation: Your flesh is cold resistant. (rC+)
                  | [potion of mutation]
 18555 | Lair:4   | Gained mutation: Your flesh is very cold resistant. (rC++)
                  | [potion of mutation]
 18555 | Lair:4   | Gained mutation: You evolve. [potion of mutation]
 18555 | Lair:4   | Gained mutation: You can translocate small distances at
                  | will. [potion of mutation]
 19580 | Lair:5   | Got a glittering granite ring
 19585 | Lair:5   | Offered knowledge of Iron Shot by Vehumet.
 19587 | Lair:5   | Reached skill level 18 in Spellcasting
 19744 | Lair:5   | Identified the ring of Lufoek {rElec AC+4 Int+3} (You found
                  | it on level 5 of the Lair of Beasts)
 20256 | Lair:5   | Found a viscous altar of Jiyva.
 20269 | Lair:5   | Found a staircase to the Slime Pits.
 20676 | Lair:6   | Entered Level 6 of the Lair of Beasts
 20931 | Lair:6   | Reached XP level 14. HP: 68/68 MP: 32/38
 20944 | Lair:6   | Noticed Snorg
 20947 | Lair:6   | Killed Snorg
 21021 | Lair:6   | Reached skill level 19 in Spellcasting
 21848 | Lair:6   | Gained mutation: You have extremely sharp teeth.
                  | [evolution]
 23044 | Lair:6   | Reached skill level 20 in Spellcasting
 23840 | D:9      | Upgraded the game from 0.27-a0-333-gfa571bf19a to
                  | 0.27-a0-334-g52645efa06
 24962 | Orc:1    | Entered Level 1 of the Orcish Mines
 24962 | Orc:1    | Noticed Urug
 24965 | Orc:1    | Killed Urug
 25025 | Orc:1    | Offered knowledge of Ozocubu's Refrigeration by Vehumet.
 25025 | Orc:1    | Noticed Harold
 25035 | Orc:1    | Killed Harold
 25187 | Orc:1    | Found a flagged portal.
 25202 | Orc:1    | Learned a level 6 spell: Iron Shot
 25203 | Bailey   | Entered a bailey
 25514 | Bailey   | Lost mutation: You have extremely sharp teeth. [evolution]
 26314 | Orc:2    | Entered Level 2 of the Orcish Mines
 26513 | Orc:2    | Noticed Jorgrun
 26518 | Orc:2    | Killed Jorgrun
 26745 | Orc:2    | Found a roughly hewn altar of Beogh.
 26811 | Orc:2    | Found a staircase to the Elven Halls.
 26975 | Orc:2    | Found Xomokiyd's Distillery.
 26990 | Orc:2    | Reached skill level 21 in Spellcasting
 27175 | Orc:2    | Paralysed by an orc sorcerer for 4 turns
 27181 | Orc:2    | Reached XP level 15. HP: 62/72 MP: 25/42
 27281 | Orc:2    | Found Eczeapor's Weapon Emporium.
 27282 | Orc:2    | Found Ysta's Antique Weapon Boutique.
 27282 | Orc:2    | Found Zuihe Meqe's Assorted Antiques.
 27870 | Orc:1    | Offered knowledge of Irradiate by Vehumet.
 28671 | D:13     | Reached XP level 16. HP: 76/76 MP: 43/43
 28712 | D:13     | Got an ichor-stained hunting sling
 28715 | D:13     | Identified the +8 hunting sling of the Eternal Void {flame,
                  | Int+3} (You found it on level 13 of the Dungeon)
 29136 | D:13     | Found a gate to the Vaults.
 29890 | D:14     | Reached skill level 22 in Spellcasting
 30420 | D:14     | Identified the +5 hand axe "Ficosid" {elec, rElec rPois}
 30425 | D:14     | Reached ****** piety under Vehumet
 30450 | D:14     | Offered knowledge of Lightning Bolt by Vehumet.
 31169 | D:15     | Entered Level 15 of the Dungeon
 31311 | D:15     | Found a frozen archway.
 31322 | IceCv    | Entered an ice cave
 31543 | IceCv    | Got a distressingly furry chain mail
 31544 | IceCv    | Identified the +4 chain mail of Ceatev {*Drain +Blink
                  | rCorr} (You found it in an ice cave)
 31566 | IceCv    | Found an ancient bone altar of Kikubaaqudgha.
 31971 | D:15     | Found a flickering gateway to a bazaar.
 31985 | Bazaar   | Entered a bazaar
 31985 | Bazaar   | Found Foogarph's General Store.
 31985 | Bazaar   | Found Jonod's Armour Shoppe.
 31985 | Bazaar   | Found Umiasaag's Magic Scroll Shoppe.
 31985 | Bazaar   | Found Hehoph's Jewellery Emporium.
 31985 | Bazaar   | Found Qeum's Armour Emporium.
 32007 | Bazaar   | Bought a scroll of acquirement for 988 gold pieces
 32007 | Bazaar   | Acquired 1056 gold pieces
 32093 | D:15     | Reached skill level 10 in Dodging
 32720 | D:15     | Reached skill level 15 in Fire Magic
 32839 | D:15     | Cast into level 2 of the Abyss (a wizard)
 32929 | Abyss:2  | Found a corrupted altar of Lugonu.
 32951 | Abyss:2  | Noticed a black draconian monk
 32958 | Abyss:2  | Killed a black draconian monk
 32959 | Abyss:2  | Reached skill level 10 in Stealth
 33104 | Abyss:2  | Found a roughly hewn altar of Beogh.
 33157 | Abyss:2  | Offered knowledge of Eringya's Noxious Bog by Vehumet.
 33515 | Abyss:2  | Reached XP level 17. HP: 80/80 MP: 32/45
 33971 | Abyss:2  | Found an ancient bone altar of Kikubaaqudgha.
 33996 | Abyss:2  | Reached skill level 23 in Spellcasting
 33996 | Abyss:2  | Lost mutation: You evolve. [evolution]
 34535 | D:15     | Escaped the Abyss
 34711 | D:15     | Found a staircase to the Depths.
 34962 | Swamp:1  | Entered Level 1 of the Swamp
 35177 | Swamp:1  | Offered knowledge of Lehudib's Crystal Spear by Vehumet.
 35187 | Swamp:1  | Learned a level 8 spell: Lehudib's Crystal Spear
 35189 | Swamp:1  | Reached skill level 1 in Earth Magic
 35190 | Swamp:1  | Found a one-way gate to the infinite horrors of the Abyss.
 35393 | Swamp:1  | Found a corrupted altar of Lugonu.
 36504 | Swamp:1  | Acquired 862 gold pieces
 36861 | Swamp:2  | Reached skill level 5 in Earth Magic
 37058 | Swamp:2  | Noticed Aizul
 37065 | Swamp:2  | Killed Aizul
 37718 | Swamp:3  | Noticed Mara
 37801 | Swamp:3  | Noticed jestyr24's illusion
 38557 | Swamp:3  | Reached XP level 18. HP: 85/85 MP: 37/47
 38690 | Swamp:3  | Reached skill level 24 in Spellcasting
 38690 | Swamp:3  | Reached XP level 19. HP: 89/89 MP: 46/49
 38691 | Swamp:3  | Reached XP level 20. HP: 94/94 MP: 47/50
 38760 | Swamp:3  | Killed Mara
 38818 | Swamp:3  | Acquired the Tome of Lightness and Shape Shifting
 38828 | Swamp:3  | Learned a level 7 spell: Dragon Form
 39217 | Swamp:4  | Entered Level 4 of the Swamp
 39220 | Swamp:4  | Reached skill level 1 in Transmutations
 39428 | Swamp:4  | Reached skill level 5 in Transmutations
 40196 | Swamp:4  | Got a decaying rune of Zot
 40757 | Snake:1  | Entered Level 1 of the Snake Pit
 41033 | Snake:1  | Noticed Azrael
 41035 | Snake:1  | Killed Azrael
 41041 | Snake:1  | Offered knowledge of Fire Storm by Vehumet.
 41041 | Snake:1  | Offered knowledge of Chain Lightning by Vehumet.
 41041 | Snake:1  | Offered knowledge of Absolute Zero by Vehumet.
 41042 | Snake:1  | Reached skill level 10 in Transmutations
 41432 | Lair:4   | Learned a level 9 spell: Fire Storm
 41965 | Snake:1  | Got a tattered robe
 41966 | Snake:1  | Identified the +3 robe of the Learner {*Drain Str+2 Dex+4
                  | Stlth+} (You found it on level 1 of the Snake Pit)
 42001 | Snake:1  | Found Xighihoa's Jewellery Shoppe.
 42003 | Snake:1  | Found Leaczuag's General Store.
 42006 | Snake:1  | Found Zusit's Antique Armour Shoppe.
 42013 | Snake:1  | Bought a shadowed robe for 131 gold pieces
 42013 | Snake:1  | Identified the +1 robe of Asceticism {rF- Int+4 Dex+6
                  | Stlth+} (You bought it in a shop on level 1 of the Snake
                  | Pit)
 42021 | Snake:1  | Bought the ring of Qeffibupn {MP+9 EV+4 Stlth+} for 970
                  | gold pieces
 42076 | Snake:1  | Acquired a book of Unlife
 42606 | Snake:1  | Learned a level 7 spell: Spellforged Servitor
 43204 | Snake:2  | Found Asiniori's Book Shoppe.
 43206 | Snake:2  | Found Ytypif's Jewellery Boutique.
 43206 | Snake:2  | Found Fisosubb's Book Shoppe.
 43216 | Snake:2  | Bought a book of Ice for 910 gold pieces
 43380 | Snake:2  | Found a shimmering altar of Xom.
 43480 | Snake:2  | Noticed Saint Roka
 43486 | Snake:2  | Killed Saint Roka
 44708 | Snake:4  | Entered Level 4 of the Snake Pit
 44967 | Snake:4  | Reached skill level 25 in Spellcasting
 45180 | Snake:4  | Reached XP level 21. HP: 98/98 MP: 52/52
 45352 | Snake:4  | Got a dazzling hand axe
 45353 | Snake:4  | Identified the +11 hand axe "Jeqepn" {drain, Int+5} (You
                  | found it on level 4 of the Snake Pit)
 46816 | Snake:4  | Got a serpentine rune of Zot
 47219 | Snake:4  | Upgraded the game from 0.27-a0-334-g52645efa06 to
                  | 0.27-a0-343-gfcad680f63
 47555 | Elf:1    | Entered Level 1 of the Elven Halls
 47827 | Elf:1    | Noticed Nikola
 47832 | Elf:1    | Killed Nikola
 47845 | Elf:1    | Found a portal to a secret trove of treasure.
 47951 | Elf:1    | Reached skill level 26 in Spellcasting
 48073 | Elf:1    | Found a magical portal.
 48081 | WizLab   | Entered Wucad Mu's Monastery
 48416 | WizLab   | Slain by a grey draconian monk

Illustrated notes

Levels and vault maps discovered:
D:1:      amcnicky_arrival_underground_garden, layout_loops_ring
D:2:      layout_rooms, old_standard_altar, serial_glass, glass_columns_c,
          glass_columns_c, uniq_terence
D:3:      layout_basic, uniq_sigmund, uniq_crazy_yiuf_cottage, uniq_jessica,
          uniq_robin
D:4:      layout_loops_ring, uniq_eustachio
D:5:      layout_gridville, dancing_weapons_uskayaw,
          nicolae_ossuary_entry_catacombs
D:6:      layout_basic, temple_doors_ab, portal_sewer_entry_e
D:7:      layout_basic, serial_shops, shop_fountains,
          nicolae_ru_sacrificial_ziggurat
D:8:      layout_loops_ring, nicolae_overflow_quartered_altars, special_room
          [special_room_orc]
D:9:      minmay_bloctagon_deflated, layout_loops_cross, serial_shops,
          kennysheep_mini_moat, minivault_12, uniq_gastronok
D:10:     layout_small_grid, minmay_lair_entry_grove, serial_shops, shop,
          nicolae_shop_crystal, shop, nicolae_looking_at_the_future,
          uniq_nergalle, uniq_fannar, uniq_josephine, uniq_maurice
D:11:     layout_cave_pools, lemuel_nasty_fountain
D:12:     layout_basic, minmay_orc_entry_temple_small, kennysheep_generic_room_6
D:13:     layout_loops_corners, skrybe_vaults_entry_preservation
D:14:     layout_gridville, infiniplex_staircase_star
D:15:     grunt_enter_depths_magical_seal, layout_loops_corners, serial_ice,
          serial_ice_k, serial_ice_n, serial_ice_h, serial_ice_b,
          portal_ice_cave_demonic_guard, serial_shops, bzr_entry_gold
Temple:   nicolae_temple_elliptical
Lair:1:   layout_small_grid, serial_bayou_shore_a
Lair:2:   layout_hall_layers, gammafunk_ghost_hydra_chop, lemuel_fruit_tree
Lair:3:   layout_roguey, swamp_mist_pool, kennysheep_catoblepas_arena,
          grunt_megastairs_4, infiniplex_staircase_pool_2,
          minmay_lair_oklob_chamber, lemuel_fruit_fields, serial_bayou_shore_b
Lair:4:   layout_cellular_growth, guppyfry_snake_entry_garden, st_stairs_9,
          grunt_megastairs_3
Lair:5:   layout_hall_layers, slime_altar_1, infiniplex_staircase_pool
Lair:6:   grunt_lair_end_beastmaster, layout_layer_cave, uniq_snorg
Swamp:1:  layout_falls_marsh, nicolae_swamp_fairy_circle, swamp_pool5,
          amcnicky_altar_lugonu_corruption
Swamp:2:  layout_basic_swamp, evilmike_swamp_ruin_rubble_1, uniq_aizul
Swamp:3:  layout_basic_swamp, nicolae_swamp_triple_paths, uniq_mara
Swamp:4:  swamp, layout_basic_swamp, swamp_pool3
Snake:1:  layout_onion_interference, minmay_shop_star, uniq_azrael
Snake:2:  layout_cave_pods, basic_altar, minmay_shop_grove, uniq_saint_roka
Snake:3:  layout_onion_interference
Snake:4:  snake_pit, layout_layer_cave, st_stairs_5, grunt_ministairs_9
Orc:1:    layout_diamond_mine, enter_bailey_2, nicolae_orc_lava_room, uniq_urug,
          uniq_harold
Orc:2:    st_orc_elflike, layout_caves, nicolae_orc_flooded_monolith,
          david_defended_altar_orc, uniq_jorgrun
Elf:1:    layout_loops_ring, enter_trove_1, infiniplex_enter_wizlab_water,
          kennysheep_underground_church, minmay_strange_pillars, uniq_nikola
WizLab:   wizlab_wucad

Skill      XL: |  1  2  3  4  5  6  7  8  9 10 11 12 13 14 15 16 17 18 19 20 21 |
---------------+----------------------------------------------------------------+-----
Conjurations   | 5 6 9 11 12 13 | 13.7
Stealth        | 3 4 5 6 7 8 10 11 | 11.1
Spellcasting   | 4 5 7 8 10 11 13 14 15 16 18 21 22 23 24 25 26 | 26.0
Dodging        | 3 4 5 6 7 8 9 10 11 | 11.1
Hexes          | 1 |  1.4
Translocations | 1 |  1.9
Shields        | 6 |  6.1
Fire Magic     | 8 11 13 15 16 17 18 | 18.6
Earth Magic    | 7 8 9 |  9.7
Transmutations | 10 | 10.5
Fighting       | |  0.3

Action                   |  1- 3 |  4- 6 |  7- 9 | 10-12 | 13-15 | 16-18 | 19-21 || total
-------------------------+-------+-------+-------+-------+-------+-------+-------++-------
Melee: Short sword       |     3 |    37 |       |       |       |       |       ||    40
       Dagger            |       |       |    81 |    30 |       |       |       ||   111
       Bite              |       |       |       |     2 |     2 |     3 |     3 ||    10
       Staff             |       |       |       |     3 |    30 |    71 |    14 ||   118
       Unarmed           |       |       |       |       |       |       |     7 ||     7
 Cast: Magic Dart        |    45 |    43 |   115 |    84 |    83 |    18 |     3 ||   391
       Searing Ray       |     2 |    24 |    67 |   122 |    90 |    12 |     1 ||   318
       Fulminant Prism   |       |       |    22 |   100 |    87 |    11 |       ||   220
       Gell's Gravitas   |       |       |       |     5 |    17 |     1 |       ||    23
       Starburst         |       |       |       |    10 |    98 |    34 |       ||   142
       Ignition          |       |       |       |       |    30 |   151 |   185 ||   366
       Iron Shot         |       |       |       |       |       |   179 |    81 ||   260
       Lehudib's Crystal |       |       |       |       |       |       |    90 ||    90
       Spellforged Servi |       |       |       |       |       |       |     3 ||     3
       Fire Storm        |       |       |       |       |       |       |     6 ||     6
       Dragon Form       |       |       |       |       |       |       |     1 ||     1
 Abil: Stop Flying       |       |       |       |       |       |     1 |       ||     1
       Blink             |       |       |       |       |       |       |     2 ||     2
Evoke: Wand              |       |       |       |       |     1 |       |     1 ||     2
  Use: Scroll            |       |     4 |    10 |    11 |     5 |    16 |    13 ||    59
       Potion            |       |       |     9 |     3 |     7 |     9 |     7 ||    35
 Stab: Sleeping          |     1 |       |     4 |     1 |       |     1 |     2 ||     9
       Invisible         |       |       |       |       |     1 |       |       ||     1
       Distracted        |       |       |       |       |     1 |       |       ||     1
Armor: Robe              |     1 |     7 |    33 |    44 |    27 |    65 |    22 ||   199
Dodge: Dodged            |       |    26 |    93 |   102 |    66 |   118 |    76 ||   481
Block: Buckler           |       |       |       |    32 |    33 |    38 |    46 ||   149

Table legend: (Time is in decaauts)
 A = Elapsed time spent in this place.
 B = Non-inter-level travel time spent in this place.
 C = Inter-level travel time spent in this place.
 D = Time resting spent in this place.
 E = Time spent auto-exploring this place.
 F = Levels seen in this place.
 G = Mean time per level.
                   A        B        C        D        E       F      G
               +--------+--------+--------+--------+--------+-----+--------+
         Total |  48851 |  45978 |   2873 |  16934 |  17254 |  40 | 1221.3 |
       Dungeon |  20141 |  19000 |   1141 |   5848 |   8368 |  15 | 1342.7 |
        Temple |     54 |     54 |      0 |      0 |     14 |   1 |   54.0 |
          Lair |  10115 |   9145 |    970 |   3197 |   4478 |   6 | 1685.8 |
         Swamp |   5956 |   5675 |    281 |   3126 |   1355 |   4 | 1489.0 |
     Snake Pit |   5917 |   5719 |    198 |   2003 |   2162 |   4 | 1479.2 |
  Orcish Mines |   2555 |   2273 |    282 |    876 |    777 |   2 | 1277.5 |
   Elven Halls |    302 |    302 |      0 |     72 |      0 |   1 |  302.0 |
         Abyss |   1665 |   1665 |      0 |    849 |     33 |   1 | 1665.0 |
        Bazaar |     41 |     41 |      0 |      0 |      0 |   1 |   41.0 |
         Sewer |    325 |    325 |      0 |    158 |      0 |   1 |  325.0 |
       Ossuary |    221 |    221 |      0 |    126 |      0 |   1 |  221.0 |
        Bailey |    691 |    691 |      0 |    286 |     66 |   1 |  691.0 |
      Ice Cave |    527 |    527 |      0 |    151 |      0 |   1 |  527.0 |
        Wizlab |    335 |    335 |      0 |    241 |      0 |   1 |  335.0 |
               +--------+--------+--------+--------+--------+-----+--------+

Top non-repeatable levels by time:
  Lair:6: 2880 daAuts
    D:10: 2374 daAuts
  Lair:4: 2245 daAuts
 Swamp:1: 2097 daAuts
 Snake:4: 2007 daAuts
     D:5: 1951 daAuts
    D:12: 1862 daAuts
   Orc:2: 1857 daAuts
     D:6: 1677 daAuts
 Abyss:2: 1665 daAuts
 Swamp:3: 1607 daAuts
    D:13: 1562 daAuts
    D:14: 1508 daAuts
 Swamp:2: 1507 daAuts
 Snake:2: 1368 daAuts
